 Dungeon Crawl Stone Soup version 0.23.2-40-g277498a001 (webtiles) character file.

Game seed: 4639527096986559631

291305 Dexcius the Executioner (level 19, -4/184 HPs)
             Began as a Minotaur Berserker on Aug 26, 2019.
             Was the Champion of Trog.
             Killed from afar by a fire giant (27 damage)
             ... with a bolt of fire
             ... on level 4 of the Vaults on Aug 28, 2019.
             The game lasted 02:38:22 (35109 turns).

Dexcius the Executioner (Minotaur Berserker)       Turns: 35109, Time: 02:38:22

Health: -4/184     AC: 38    Str: 26    XL:     19   Next: 96%
Magic:  18/18      EV: 11    Int:  6    God:    Trog [******]
Gold:   2899       SH: 28    Dex: 17    Spells: 18/18 levels left

rFire    . . .     SeeInvis .   b - +9 broad axe (elec)
rCold    + . .     Gourm    .   a - +2 large shield
rNeg     + . .     Faith    .   F - +9 plate armour {rC+}
rPois    +         Spirit   .   C - +0 hat of the Untouchables {rN+ Str-4 Dex+3}
rElec    .         Reflect  +   J - +2 cloak
rCorr    .         Harm     .   n - +2 pair of gloves
MR       +....     Clarity  +   G - +2 pair of boots
Stlth    ..........             B - +2 amulet of reflection
HPRegen  0.40/turn              r - ring of poison resistance
MPRegen  0.16/turn              k - +4 ring of strength

@: slowed, very slow
A: retaliatory headbutt, horns 2, talons 1, clarity, clever 1, MP-powered wands
}: 2/15 runes: decaying, serpentine
a: Berserk, Trog's Hand, Brothers in Arms, Renounce Religion


You were on level 4 of the Vaults.
You worshipped Trog.
Trog was exalted by your worship.
You were not hungry.

You visited 6 branches of the dungeon, and saw 34 of its levels.

You collected 3610 gold pieces.
You spent 711 gold pieces at shops.

Inventory:

Hand Weapons
 b - a +9 broad axe of electrocution (weapon)
 d - the +4 spear of the Shore {drain, +Rage rElec Int+4}
   (You took it off a spriggan on level 10 of the Dungeon)

   A truly terrible weapon, it drains the life of those it strikes.
   It affects your intelligence (+4).
   It insulates you from electricity.
   It lets you go berserk.
 y - the +7 war axe of Yesterday {chop, +Rage rPois}
   (You bought it in a shop on level 4 of the Dungeon)

   It inflicts extra damage upon your enemies.
   It protects you from poison.
   It lets you go berserk.
Armour
 a - a +2 large shield (worn)
 n - a +2 pair of gloves (worn)
 C - the +0 hat of the Untouchables (worn) {rN+ Str-4 Dex+3}
   (You acquired it on level 5 of the Lair of Beasts)

   It affects your strength (-4).
   It affects your dexterity (+3).
   It protects you from negative energy.
 F - a +9 plate armour of cold resistance (worn)
 G - a +2 pair of boots (worn)
 J - a +2 cloak (worn)
Jewellery
 k - a +4 ring of strength (right hand)
 r - a ring of poison resistance (left hand)
 B - a +2 amulet of reflection (around neck)
 E - an uncursed ring of protection from magic
 O - an uncursed ring of resist corrosion
Wands
 s - a wand of iceblast (20)
 P - a wand of digging (10)
Scrolls
 f - 2 scrolls of brand weapon
 h - 16 scrolls of teleportation
 l - 8 scrolls of identify
 o - 4 scrolls of fog
 w - 25 scrolls of remove curse
 x - 4 scrolls of fear
 D - a scroll of enchant armour
Potions
 e - 19 potions of curing
 g - 2 potions of agility
 j - 3 potions of resistance
 p - 3 potions of cancellation
 q - 4 potions of heal wounds
 v - 6 potions of haste
 A - 3 potions of might
Comestibles
 c - 25 rations


   Skills:
 + Level 19.9 Fighting
 + Level 22.1(22.3) Axes
 + Level 6.5(16.1) Polearms
 + Level 16.9 Armour
 + Level 5.7 Dodging
 + Level 2.6 Stealth
 + Level 21.5 Shields
 + Level 1.0 Unarmed Combat


You had 18 spell levels left.
You didn't know any spells.
Your spell library was empty.

Dungeon Overview and Level Annotations

Branches:
Dungeon (14/15)            Temple (0/1) D:6            Lair (6/6) D:11
  Swamp (4/4) Lair:4        Snake (4/4) Lair:4        Slime (0/5) Lair:6
    Orc (2/2) D:10            Elf (0/3) Orc:2        Vaults (4/5) D:14
  Crypt (0/3) Vaults:2

Altars:
Ashenzari
Cheibriados
Dithmenos
Elyvilon
Hepliaklqana
Kikubaaqudgha
Okawaru
Qazlal
Ru
Sif Muna
Trog
Uskayaw
Vehumet
Xom
Yredelemnul
The Shining One
Jiyva

Shops:
D:4 (([   D:6 (   Orc:2 }!*(   Vaults:2 (   Vaults:3 !


Innate Abilities, Weirdness & Mutations

You reflexively headbutt those who attack you in melee.
You have a pair of horns on your head.
You have sharp toenails.
You possess an exceptional clarity of mind.
Your mind is acute. (Int +2)
You expend magic power (3 MP) to strengthen your wands.


Message History

You hit the fire giant.
Lightning courses through the fire giant!
The fire giant is lightly wounded.
The fire giant points at you and mumbles some strange words.
The fireball explodes!
The fireball engulfs you!!!
* * * LOW HITPOINT WARNING * * *
The fireball engulfs the fire giant.
The fire giant resists.
You feel much better.
You recover from your berserk rage.
A redback comes into view.
You block the fire giant's attack. x2; The redback moves out of view.
You slice the fire giant!!
The fire giant is heavily wounded.
A redback comes into view.
The redback moves out of view.
You slice the fire giant!! Your headbutt misses the fire giant.
The fire giant is severely wounded.
The fire giant points at you and mumbles some strange words.
The bolt of fire hits you!!
You die...

#.......#
#.......#
#.......#
#.......#
#p......#
####'##+####
#....s..#
#.###C#.#
#.#.@.#.#
#.#)†.# #
#)#)###.#
#).)....#
#########


You could see a fire giant and a redback.

Vanquished Creatures
  Saint Roka (Orc:2)
  Nikola (Swamp:3)
  Jory (Vaults:2)
  Jorgrun (Orc:2)
  Rupert (Lair:3)
  A titan (Vaults:4)
  Gastronok (D:11)
  A sphinx (Vaults:3)
  Kirke (Swamp:3)
  2 thorn hunters
  Donald (Orc:2)
  A revenant (Vaults:2)
  Roxanne (Snake:2)
  9 nagarajas
  3 frost giants
  6 vault wardens
  Aizul (Snake:3)
  A ghoul (Vaults:2)
  8 ironheart preservers
  3 very ugly things (Vaults:1)
  2 stone giants (Vaults:3)
  2 eidola
  7 yaktaur captains
  16 naga warriors
  21 hydras
  2 rakshasas
  9 vault guards
  2 shambling mangroves
  2 ghost crabs
  3 ice dragons
  7 centaur warriors
  13 alligators
  A death knight (D:13)
  5 anacondas
  14 ogre magi
  41 two-headed ogres
  2 dancing weapons (D:14)
  3 death yaks (D:11)
  2 deep troll shamans (Vaults:3)
  A tengu warrior (D:14)
  The ghost of Icedit the Cleaver, a novice FoFi of Okawaru (Lair:1)
  3 shock serpents
  Urug (Lair:3)
  11 naga sharpshooters
  A salamander mystic (Snake:4)
  4 deep elf knights
  3 unseen horrors
  The ghost of weresquid the Destroyer, a novice DECj of the Shining One (D:10)
  2 shadow wraiths
  2 glowing orange brains
  3 spriggan druids (Swamp:4)
  A flayed ghost (Vaults:2)
  9 swamp dragons
  A deep elf archer (Vaults:1)
  9 ironbrand convokers
  An orange crystal statue (Lair:4)
  6 deep trolls (Vaults:3)
  2 naga ritualists
  A lindwurm (Lair:2)
  5 wizards
  5 orc knights
  19 ugly things
  7 harpies
  An orc sorcerer (Orc:2)
  7 mana vipers
  4 cyclopes
  5 deep elf magi
  3 wolf spiders
  7 elephants
  A manticore (D:13)
  Maurice (Orc:2)
  13 salamanders
  14 naga magi
  4 gargoyles
  3 guardian serpents
  30 black mambas
  2 spiny frogs (shapeshifter)
  27 spiny frogs
  9 vault sentinels
  A rime drake (Lair:6)
  15 yaktaurs
  5 freezing wraiths
  7 komodo dragons
  An efreet (D:13)
  A merfolk (D:10)
  4 trolls
  14 tyrant leeches
  6 meliai
  12 hornets
  5 bog bodies
  29 blink frogs
  7 hippogriffs
  39 slime creatures
  A fire giant simulacrum (Vaults:2)
  2 dream sheep (Lair:1)
  3 shadows
  4 wraiths
  A redback (Vaults:4)
  10 spriggans
  Eustachio (D:6)
  51 yaks
  4 wyverns
  2 basilisks (Lair:3)
  3 hogs (Swamp:3)
  30 vampire mosquitoes
  2 hungry ghosts
  A human simulacrum (Vaults:3)
  10 insubstantial wisps
  2 wargs (Orc:1)
  16 swamp worms
  50 nagas
  3 acid dragons
  7 water moccasins
  13 porcupines
  2 sky beasts
  12 swamp drakes
  A black bear (D:10)
  16 orc warriors
  4 ice beasts
  A phantom (D:9)
  A hornet zombie (D:12)
  A necrophage (D:13)
  2 eyes of draining (D:13)
  50 ogres
  10 centaurs
  6 wolves
  4 boggarts
  13 crocodiles
  4 big kobolds
  26 bullfrogs
  A wyvern zombie (D:9)
  6 killer bees (D:11)
  4 scorpions
  3 wights (D:11)
  7 crimson imps
  3 lava snakes (Lair:4)
  2 quasits (D:13)
  11 orc priests
  2 centaur zombies
  5 hounds
  10 jellies
  4 bullfrog skeletons
  3 centaur skeletons
  6 iguanas
  Natasha (thrice) (D:2)
  19 orc wizards
  2 hell rats (D:11)
  10 worker ants
  A hound zombie (D:7)
  15 adders
  11 gnolls
  3 shadow imps
  An adder zombie (D:5)
  4 oozes
  A worm (D:2)
  2 dart slugs
  3 leopard geckos
  64 orcs
  5 giant cockroaches (D:1)
  10 goblins
  5 hobgoblins
  13 jackals
  38 kobolds
  9 quokkas
  A ball python (D:2)
  5 bats
  5 frilled lizards
  A jackal skeleton (D:5)
  13 rats
  2 fungi
  17 plants
1274 creatures vanquished.

Vanquished Creatures (others)
  A centaur warrior (Vaults:3)
  A naga sharpshooter (Snake:2)
  A naga mage (Snake:2)
  A yaktaur (Vaults:1)
  A spriggan (Swamp:4)
  A steam dragon (D:14)
  A sky beast (D:13)
  4 centaurs
  A boggart (Vaults:3)
  4 briar patches (Swamp:4)
  7 fungi
  16 plants
39 creatures vanquished.

Grand Total: 1313 creatures vanquished

Notes
Turn   | Place    | Note
-------+----------+-------------------------------------------
     0 | D:1      | Dexcius the Minotaur Berserker began the quest for the Orb.
     0 | D:1      | Reached XP level 1. HP: 19/19 MP: 0/0
   140 | D:1      | Reached XP level 2. HP: 20/27 MP: 1/1
   150 | D:1      | Reached skill level 4 in Axes
   553 | D:1      | Reached ** piety under Trog
   759 | D:2      | Reached XP level 3. HP: 30/33 MP: 2/2
   950 | D:2      | Noticed Natasha
   957 | D:2      | Killed Natasha
  1044 | D:2      | Reached XP level 4. HP: 32/41 MP: 3/3
  1054 | D:2      | Noticed Natasha
  1060 | D:2      | Killed Natasha
  1320 | D:2      | Found a glowing golden altar of the Shining One.
  1428 | D:2      | Found a sacrificial altar of Ru.
  1485 | D:2      | Found a hazy altar of Hepliaklqana.
  1506 | D:2      | Reached skill level 5 in Axes
  1956 | D:2      | Noticed Natasha
  1961 | D:2      | Killed Natasha
  1999 | D:3      | Reached skill level 1 in Shields
  2003 | D:3      | Reached XP level 5. HP: 47/47 MP: 4/4
  2337 | D:3      | Reached *** piety under Trog
  2494 | D:3      | Reached XP level 6. HP: 21/55 MP: 5/5
  2861 | D:3      | Noticed a +0 hand axe
  2862 | D:3      | Found a hide-covered altar of Uskayaw.
  2862 | D:3      | Noticed a +0 hand axe
  2917 | D:3      | Reached skill level 6 in Axes
  2975 | D:4      | Found Haenuiro's Weapon Emporium.
  3036 | D:4      | Found Ziggop's Antique Weapon Emporium.
  3093 | D:4      | Found a snail-covered altar of Cheibriados.
  3210 | D:4      | Found Gunkeawi's Armour Emporium.
  3416 | D:4      | Reached **** piety under Trog
  3470 | D:4      | Reached skill level 5 in Fighting
  3806 | D:4      | Bought a translucent war axe for 255 gold pieces
  3806 | D:4      | Identified the +7 war axe of Yesterday {chop, +Rage rPois}
                  | (You bought it in a shop on level 4 of the Dungeon)
  4088 | D:5      | Entered Level 5 of the Dungeon
  4102 | D:5      | Found a radiant altar of Vehumet.
  4121 | D:5      | Reached XP level 7. HP: 49/61 MP: 6/6
  4259 | D:5      | Reached skill level 7 in Axes
  4311 | D:5      | Found a deep blue altar of Sif Muna.
  4395 | D:5      | Reached skill level 5 in Armour
  4434 | D:5      | Found an ancient bone altar of Kikubaaqudgha.
  4435 | D:5      | Found a shadowy altar of Dithmenos.
  4436 | D:5      | Found a basalt altar of Yredelemnul.
  4436 | D:5      | Found a sacrificial altar of Ru.
  4436 | D:5      | Found a shattered altar of Ashenzari.
  4437 | D:5      | Found an iron altar of Okawaru.
  4455 | D:5      | Gained mutation: You expend magic power (3 MP) to
                  | strengthen your wands. [potion of mutation]
  4455 | D:5      | Gained mutation: Your mind is acute. (Int +2) [potion of
                  | mutation]
  4455 | D:5      | Gained mutation: You possess an exceptional clarity of
                  | mind. [potion of mutation]
  4455 | D:5      | Gained mutation: You have sharp toenails. [potion of
                  | mutation]
  4831 | D:6      | Found a staircase to the Ecumenical Temple.
  4837 | D:6      | Reached skill level 8 in Axes
  4837 | D:6      | Reached XP level 8. HP: 64/70 MP: 7/7
  4893 | D:6      | Noticed Eustachio
  4910 | D:6      | Killed Eustachio
  4970 | D:6      | Found Reixicui's Antique Weapon Boutique.
  4975 | D:6      | Reached skill level 9 in Axes
  5119 | D:6      | Reached ***** piety under Trog
  5436 | D:7      | Reached skill level 10 in Axes
  5485 | D:7      | Reached XP level 9. HP: 60/78 MP: 8/8
  5612 | D:7      | Found a stormy altar of Qazlal.
  6072 | D:8      | Noticed a two-headed ogre
  6081 | D:8      | Killed a two-headed ogre
  6081 | D:8      | Reached skill level 11 in Axes
  6081 | D:8      | Reached skill level 5 in Shields
  6281 | D:8      | Noticed a two-headed ogre
  6286 | D:8      | Killed a two-headed ogre
  6770 | D:9      | Reached XP level 10. HP: 87/88 MP: 9/9
  6787 | D:9      | Reached skill level 12 in Axes
  6828 | D:9      | Found a bloodstained altar of Trog.
  7461 | D:4      | Bought a +2 plate armour of cold resistance for 440 gold
                  | pieces
  7461 | D:4      | Bought a cursed +0 pair of boots for 16 gold pieces
  7642 | D:10     | Entered Level 10 of the Dungeon
  7757 | D:10     | Found a runed translucent door.
  7761 | D:10     | Noticed a spriggan rider
  7761 | D:10     | Identified the +4 spear of the Shore {drain, +Rage rElec
                  | Int+4}
  7761 | D:10     | Noticed weresquid's ghost (novice DECj)
  7775 | D:10     | Killed weresquid's ghost
  7785 | D:10     | Reached skill level 13 in Axes
  8145 | D:10     | Found a shimmering altar of Xom.
  8145 | D:10     | Found a shimmering altar of Xom.
  8146 | D:10     | Found a shimmering altar of Xom.
  8227 | D:10     | Found a staircase to the Orcish Mines.
  8440 | D:10     | Found a bloodstained altar of Trog.
  8532 | D:11     | Noticed a death yak
  8533 | D:11     | Noticed a death yak
  8536 | D:11     | Noticed a death yak
  8551 | D:11     | Killed a death yak
  8554 | D:11     | Killed a death yak
  8554 | D:11     | Reached XP level 11. HP: 68/97 MP: 10/10
  8561 | D:11     | Killed a death yak
  8564 | D:11     | Received a gift from Trog
  8592 | D:11     | Found a staircase to the Lair.
  8757 | Lair:1   | Entered Level 1 of the Lair of Beasts
  8815 | Lair:1   | Reached skill level 14 in Axes
  8865 | Lair:1   | Found a runed translucent door.
  9012 | Lair:1   | Noticed Icedit's ghost (novice FoFi)
  9027 | Lair:1   | Killed Icedit's ghost
  9541 | Lair:2   | Noticed a lindwurm
  9547 | Lair:2   | Killed a lindwurm
  9604 | Lair:2   | Reached skill level 15 in Axes
  9661 | Lair:2   | Noticed a six-headed hydra
  9670 | Lair:2   | Killed a six-headed hydra
  9670 | Lair:2   | Reached skill level 1 in Stealth
  9673 | Lair:2   | Reached skill level 1 in Polearms
  9685 | Lair:2   | Reached skill level 10 in Armour
  9774 | Lair:2   | Reached skill level 10 in Fighting
  9783 | Lair:2   | You fall through a shaft for 2 floors!
  9979 | Lair:2   | Noticed an eight-headed hydra
  9984 | Lair:2   | Reached XP level 12. HP: 106/106 MP: 11/11
  9993 | Lair:2   | Killed an eight-headed hydra
  9993 | Lair:2   | Reached skill level 10 in Shields
 10330 | Lair:2   | Noticed a six-headed hydra
 10343 | Lair:2   | Killed a six-headed hydra
 10794 | Lair:3   | Noticed Rupert
 10795 | Lair:3   | Paralysed by Rupert for 4 turns
 10805 | Lair:3   | Noticed Urug
 10816 | Lair:3   | Killed Rupert
 10826 | Lair:3   | Killed Urug
 11393 | Lair:3   | Found a white marble altar of Elyvilon.
 11762 | Lair:4   | Found a staircase to the Snake Pit.
 11774 | Lair:4   | Received a gift from Trog
 11814 | Lair:4   | Reached skill level 16 in Axes
 11980 | Lair:4   | Found a staircase to the Swamp.
 12175 | Lair:4   | Reached XP level 13. HP: 102/116 MP: 12/12
 12992 | Lair:5   | Identified a scroll of acquirement
 12993 | Lair:5   | Got a scorched hat
 12999 | Lair:5   | Identified the +0 hat of the Untouchables {rN+ Str-4 Dex+3}
                  | (You acquired it on level 5 of the Lair of Beasts)
 13026 | Lair:5   | Received a gift from Trog
 13174 | Lair:5   | Reached ****** piety under Trog
 13503 | Lair:6   | Entered Level 6 of the Lair of Beasts
 13959 | Lair:6   | Found a runed translucent door.
 13960 | Lair:6   | Found a viscous altar of Jiyva.
 13962 | Lair:6   | Found a staircase to the Slime Pits.
 14123 | Lair:6   | Reached skill level 17 in Axes
 14446 | Lair:6   | Reached XP level 14. HP: 116/129 MP: 13/13
 15128 | D:11     | Noticed Gastronok
 15148 | D:11     | Killed Gastronok
 15203 | D:11     | Received a gift from Trog
 15523 | Orc:1    | Entered Level 1 of the Orcish Mines
 15721 | Orc:2    | Entered Level 2 of the Orcish Mines
 15723 | Orc:2    | Found a staircase to the Elven Halls.
 15749 | Orc:2    | Noticed Jorgrun
 15771 | Orc:2    | Killed Jorgrun
 16063 | Orc:2    | Received a gift from Trog
 16472 | Orc:2    | Found Jylu Ocs's Distillery.
 16472 | Orc:2    | Found Sonefute's Gadget Shop.
 16473 | Orc:2    | Found Peuhopn's Antique Weapon Boutique.
 16473 | Orc:2    | Found Neggarr's General Store.
 16527 | Orc:2    | Noticed Saint Roka
 16552 | Orc:2    | Killed Saint Roka
 16552 | Orc:2    | Reached skill level 18 in Axes
 16689 | Orc:2    | Noticed Maurice
 16709 | Orc:2    | Found a bloodstained altar of Trog.
 16823 | Orc:2    | Killed Maurice
 17201 | Orc:2    | Noticed Donald
 17216 | Orc:2    | Killed Donald
 17458 | D:12     | Reached XP level 15. HP: 138/139 MP: 14/14
 17519 | D:12     | Found a radiant altar of Vehumet.
 17559 | D:12     | Reached skill level 1 in Unarmed Combat
 18348 | D:13     | Received a gift from Trog
 18640 | D:13     | Reached skill level 15 in Shields
 19057 | D:13     | Got a transparent plate armour
 19070 | D:13     | Identified the cursed +0 plate armour of Lifelessness {rN+
                  | Int+4} (You found it on level 13 of the Dungeon)
 19925 | Swamp:1  | Entered Level 1 of the Swamp
 19941 | Swamp:1  | Reached skill level 5 in Dodging
 20358 | Swamp:1  | Reached skill level 15 in Fighting
 21253 | Swamp:2  | Reached skill level 5 in Polearms
 21426 | Swamp:2  | Received a gift from Trog
 21922 | Swamp:3  | Noticed a thorn hunter
 21931 | Swamp:3  | Killed a thorn hunter
 22057 | Swamp:3  | Noticed Nikola
 22070 | Swamp:3  | Killed Nikola
 22070 | Swamp:3  | Reached XP level 16. HP: 149/149 MP: 15/15
 22160 | Swamp:3  | Noticed Kirke
 22177 | Swamp:3  | Killed Kirke
 22349 | Swamp:3  | Reached skill level 19 in Axes
 22662 | Swamp:4  | Entered Level 4 of the Swamp
 22688 | Swamp:4  | Noticed a thorn hunter
 22705 | Swamp:4  | Reached skill level 15 in Armour
 22870 | Swamp:4  | Received a gift from Trog
 23535 | Swamp:4  | Got a decaying rune of Zot
 23622 | Swamp:4  | Killed a thorn hunter
 24575 | Snake:1  | Entered Level 1 of the Snake Pit
 25091 | Snake:1  | Received a gift from Trog
 26406 | Snake:2  | Identified Roxanne's Compendium of Earth
 26406 | Snake:2  | Noticed Roxanne
 26428 | Snake:2  | Killed Roxanne
 26616 | Snake:2  | Reached XP level 17. HP: 109/159 MP: 16/16
 27408 | Snake:3  | Noticed Aizul
 27421 | Snake:3  | Killed Aizul
 27421 | Snake:3  | Received a gift from Trog
 28134 | Snake:4  | Entered Level 4 of the Snake Pit
 28570 | Snake:4  | Received a gift from Trog
 28573 | Snake:4  | Got a dazzling hand axe {god gift}
 28580 | Snake:4  | Identified the +7 hand axe "Loopy" {holy, rElec MR+ Int-3
                  | Dex+5} (Trog gifted it to you on level 4 of the Snake Pit)
 28936 | Snake:4  | Reached skill level 20 in Axes
 29574 | Snake:4  | Got a serpentine rune of Zot
 30041 | D:14     | Reached XP level 18. HP: 170/170 MP: 17/17
 30432 | D:14     | Found a gate to the Vaults.
 30641 | Vaults:1 | Entered Level 1 of the Vaults
 30725 | Vaults:1 | Received a gift from Trog
 31170 | Vaults:1 | Received a gift from Trog
 32012 | Vaults:2 | Received a gift from Trog
 32019 | Vaults:2 | Noticed Jory
 32039 | Vaults:2 | Killed Jory
 32070 | Vaults:2 | Got a slimy spear {god gift}
 32071 | Vaults:2 | Identified the +5 spear "Roujalu" {pierce, rF+} (Trog
                  | gifted it to you on level 2 of the Vaults)
 32449 | Vaults:2 | Found Suasch's Antique Weapon Emporium.
 32538 | Vaults:2 | Reached skill level 21 in Axes
 32844 | Vaults:2 | Received a gift from Trog
 32859 | Vaults:2 | Found a staircase to the Crypt.
 33282 | Vaults:3 | Reached XP level 19. HP: 181/181 MP: 18/18
 33665 | Vaults:3 | Found Xoumuiv's Distillery.
 33985 | Vaults:3 | Received a gift from Trog
 34710 | Vaults:3 | Received a gift from Trog
 35002 | Vaults:4 | Reached skill level 22 in Axes
 35106 | Vaults:4 | HP: 1/184 [fire giant/fireball (51)]
 35109 | Vaults:4 | Killed from afar by a fire giant

Skill      XL: |  1  2  3  4  5  6  7  8  9 10 11 12 13 14 15 16 17 18 19 |
---------------+----------------------------------------------------------+-----
Axes           | 4 5 6 8 10 11 13 15 16 17 18 19 20 21 22 | 22.1
Fighting       | 4 5 6 7 9 10 11 13 14 15 16 17 18 19 | 19.9
Armour         | 3 4 5 6 7 9 10 12 13 14 15 16 | 16.9
Shields        | 1 2 3 4 6 8 9 11 13 14 16 17 19 20 21 | 21.5
Dodging        | 3 4 5 |  5.7
Stealth        | 1 2 |  2.6
Polearms       | 1 3 5 6 |  6.5
Unarmed Combat | 1 |  1.0

Action                   |  1- 3 |  4- 6 |  7- 9 | 10-12 | 13-15 | 16-18 | 19-21 || total
-------------------------+-------+-------+-------+-------+-------+-------+-------++-------
Melee: Hand axe          |    62 |   492 |       |       |       |       |       ||   554
       Headbutt          |     9 |   149 |    20 |    86 |   264 |   389 |    98 ||  1015
       War axe           |       |    10 |   146 |   347 |   533 |       |       ||  1036
       Kick              |       |       |    33 |    10 |       |       |       ||    43
       Spear             |       |       |       |    35 |    73 |    61 |       ||   169
       Unarmed           |       |       |       |       |    20 |       |       ||    20
       Broad axe         |       |       |       |       |   395 |  1191 |   323 ||  1909
Invok: Berserk           |       |     1 |       |     2 |     5 |     2 |     1 ||    11
  Use: Scroll            |     2 |     2 |     3 |    11 |    12 |    21 |     2 ||    53
       Potion            |       |       |     9 |     3 |       |     4 |     1 ||    17
 Stab: Distracted        |       |       |       |       |       |     1 |       ||     1
  Eat: Ration            |       |     5 |     1 |     6 |    11 |    12 |     1 ||    36
       Chunk             |       |       |       |       |       |     2 |       ||     2
Armor: Animal skin       |     8 |     2 |       |       |       |       |       ||    10
       Chain mail        |       |    92 |    49 |     5 |       |       |       ||   146
       Plate armour      |       |       |       |   164 |   336 |   365 |    60 ||   925
Dodge: Dodged            |    23 |    44 |    23 |    78 |   194 |   229 |    28 ||   619
Block: Shield            |    15 |    83 |    99 |   227 |   673 |   253 |       ||  1350
       Reflection        |       |       |       |     3 |    27 |   151 |    12 ||   193
       Large shield      |       |       |       |       |       |   914 |   257 ||  1171
